 Dungeon Crawl Stone Soup version 0.21-a0-286-g6fcecc0 (webtiles) character file.

300 Teas the Vexing (level 6, -4/28 HPs)
             Began as a Spriggan Enchanter on Sept 27, 2017.
             Slain by nataq's ghost (11 damage)
             ... in an ossuary.
             The game lasted 00:09:55 (4939 turns).

Teas the Vexing (Spriggan Enchanter)                Turns: 4939, Time: 00:09:56

Health: -4/28      AC:  3    Str:  5    XL:     6   Next: 13%
Magic:  12/15      EV: 17    Int: 17    God:
Gold:   307        SH:  0    Dex: 17    Spells: 3/16 levels left

rFire    . . .     SeeInvis +   j - +1 dagger (venom)
rCold    . . .     Gourm    .   (shield restricted)
rNeg     . . .     Faith    .   b - +1 robe
rPois    .         Spirit   .   (helmet restricted)
rElec    .         Reflect  .   (no cloak)
rCorr    .         Harm     .   (gloves unavailable)
MR       +....                  (boots unavailable)
Stlth    +++.......             (no amulet)
HPRegen  0.09/turn              (no ring)
MPRegen  0.14/turn              (no ring)

@: very slightly contaminated, drained, invisible, very quick
A: unfitting armour, see invisible, herbivore 3, speed 3, slow metabolism 2
a: no special abilities


You were in an ossuary.
You were not hungry.

You visited 1 branch of the dungeon, and saw 4 of its levels.
You also visited: Ossuary.

You collected 307 gold pieces.

Inventory:

Hand Weapons
 a - a +2 dagger
 j - a +1 dagger of venom (weapon)
 o - a +0 dagger of electrocution
Armour
 b - a +1 robe (worn)
Scrolls
 n - 2 scrolls of immolation
Potions
 e - a potion of haste
 i - a potion of mutation {unknown}
 k - a potion of lignification {unknown}
 l - a potion of magic {unknown}
 m - a potion of curing {unknown}
Books
 c - a book of Maledictions

   Spells                             Type                      Level
   a - Corona                         Hexes                        1
   b - Ensorcelled Hibernation        Hexes/Ice                    2
   c - Confuse                        Hexes                        3
   d - Tukima's Dance                 Hexes                        3
   e - Dazzling Spray                 Conjuration/Hexes            3
 h - a book of Conjurations

   Spells                             Type                      Level
   a - Magic Dart                     Conjuration                  1
   b - Searing Ray                    Conjuration                  2
   c - Dazzling Spray                 Conjuration/Hexes            3
   d - Fulminant Prism                Conjuration/Hexes            4
   e - Force Lance                    Conjuration/Translocation    4
   f - Iskenderun's Mystic Blast      Conjuration                  4
Comestibles
 d - 4 bread rations
 f - a royal jelly


   Skills:
 - Level 1.1(0.6) Short Blades
 - Level 3.0(2.4) Dodging
 - Level 4.4(3.8) Stealth
 + Level 5.8(5.3) Spellcasting
 + Level 6.4(5.8) Hexes


You had 3 spell levels left.
You knew the following spells:

 Your Spells              Type           Power        Failure   Level  Hunger
a - Ensorcelled Hibernat  Hex/Ice        ##....       6%          2    #......
b - Corona                Hex            ###....      1%          1    None
c - Confuse               Hex            ###.....     3%          3    ##.....
d - Tukima's Dance        Hex            ###.....     3%          3    ##.....
e - Dazzling Spray        Conj/Hex       ##....       12%         3    ##.....
f - Magic Dart            Conj           #...         14%         1    None


Dungeon Overview and Level Annotations

Branches:
Dungeon (4/15)
 Temple: D:4-7

Altars:
Ashenzari
Elyvilon
Fedhas
Kikubaaqudgha
Okawaru

Annotations:
Ossuary nataq's ghost, amateur DsFi


Innate Abilities, Weirdness & Mutations

You are very small and have problems with some larger weapons.
You are too small for most types of armour.
You have supernaturally acute eyesight. (SInv)
You are a herbivore.
You cover ground extremely quickly.
You need consume almost no food.


Message History

Nataq's ghost hits you.
You feel drained.
You hit the mummy but do no damage.
The mummy is almost destroyed.
Nataq's ghost misses you. The mummy closely misses you.
You barely miss the mummy.
The mummy is almost destroyed.
Nataq's ghost misses you. The mummy misses you.
You completely miss the mummy.
The mummy is almost destroyed.
The mummy hits you!
* * * LOW HITPOINT WARNING * * *
Nataq's ghost barely misses you.
You are too injured to fight recklessly!
You are too injured to fight recklessly!
You are too injured to fight recklessly!
You are too injured to fight recklessly!
You barely miss the mummy.
The mummy is lightly damaged.
Nataq's ghost hits you!
You die...

##.....## .
##.......## .
..#.........#..
.'....⌠....'.
#.........#
#..MMMM.#
#.W.MM# #@# #.#
##.## #.∩.#
#.∩.# #####


You could see 6 mummies and nataq's ghost.

Vanquished Creatures
  An orc priest (D:3)
  A hound (D:3)
  3 orc wizards
  A worker ant (D:4)
  3 adders (D:2)
  An ooze (D:1)
  2 worms
  3 dart slugs
  3 leopard geckos
  7 orcs
  5 bats
  4 giant cockroaches
  11 goblins
  11 hobgoblins
  7 jackals
  10 kobolds
  A quokka (D:3)
  3 frilled lizards
  6 rats
  A fungus (D:2)
84 creatures vanquished.

Vanquished Creatures (others)
  A fungus (D:2)
1 creature vanquished.

Grand Total: 85 creatures vanquished

Notes
Turn   | Place    | Note
-------+----------+-------------------------------------------
     0 | D:1      | Teas the Spriggan Enchanter began the quest for the Orb.
     0 | D:1      | Reached XP level 1. HP: 9/9 MP: 5/5
   623 | D:1      | Reached skill level 4 in Hexes
   623 | D:1      | Reached XP level 2. HP: 13/13 MP: 5/7
   635 | D:1      | Learned a level 2 spell: Ensorcelled Hibernation
  1081 | D:1      | Reached XP level 3. HP: 16/16 MP: 1/9
  1086 | D:1      | Learned a level 3 spell: Confuse
  1090 | D:1      | Learned a level 3 spell: Tukima's Dance
  2147 | D:3      | Reached skill level 5 in Hexes
  2147 | D:3      | Reached XP level 4. HP: 12/21 MP: 8/11
  2496 | D:3      | Reached XP level 5. HP: 19/24 MP: 4/13
  2513 | D:3      | Reached skill level 5 in Spellcasting
  3346 | D:2      | Learned a level 3 spell: Dazzling Spray
  3348 | D:2      | Learned a level 1 spell: Magic Dart
  3421 | D:2      | Found a shattered altar of Ashenzari.
  3423 | D:2      | Found an iron altar of Okawaru.
  3623 | D:2      | Found a blossoming altar of Fedhas.
  3623 | D:2      | Found an ancient bone altar of Kikubaaqudgha.
  3672 | D:2      | Reached skill level 6 in Hexes
  4220 | D:2      | Found a white marble altar of Elyvilon.
  4439 | D:4      | Reached XP level 6. HP: 8/28 MP: 5/15
  4583 | D:4      | Found a sand-covered staircase.
  4596 | Ossuary  | Entered an ossuary
  4915 | Ossuary  | Noticed nataq's ghost (amateur DsFi)
  4939 | Ossuary  | Slain by nataq's ghost

Vault maps used:
D:1:      nzn_arrival_crosshair, due_unseen_surprise
D:2:      minmay_kobold_bridge, grunt_temple_overflow_growth_and_decay,
          nicolae_overflow_hidden_temple, minmay_gold_behind_fungi
D:3:      first_bread
D:4:      gammafunk_temple_overflow_elements, serial_column_ruins,
          column_ruins_open_tiny, column_ruins_columns_straight,
          column_ruins_corridor_corner, column_ruins_corridor_corner,
          column_ruins_open_large, column_ruins_open_tiny,
          column_ruins_columns_dead_end, nicolae_ossuary_entry_monument
Ossuary:  ossuary_crypta

Skill      XL: |  1  2  3  4  5 |
---------------+----------------+-----
Spellcasting   | 3 4 5 |  5.8
Hexes          | 4 5 6 |  6.4
Short Blades   | |  1.1
Dodging        | |  3.0
Stealth        | |  4.4

Action                   |  1- 3 |  4- 6 || total
-------------------------+-------+-------++-------
Melee: Dagger            |    98 |   157 ||   255
 Cast: Corona            |     8 |       ||     8
       Ensorcelled Hiber |    19 |    13 ||    32
       Dazzling Spray    |       |     3 ||     3
       Confuse           |       |     2 ||     2
  Use: Scroll            |     5 |     6 ||    11
       Potion            |       |     3 ||     3
 Stab: Sleeping          |    22 |    15 ||    37
       Invisible         |       |     3 ||     3
  Eat: Fruit             |       |     3 ||     3
Armor: Robe              |    12 |    14 ||    26
Dodge: Dodged            |    87 |   109 ||   196

Table legend:
 A = Spawn XP
 B = Non-spawn XP
 C = Spawn XP percentage of total XP
 D = Spawn monster count
 E = Non-spawn monster count
 F = Spawn count percentage of total count
 G = Total turns spent on level
                    A         B        C        D         E        F      G
               +---------+---------+-------+---------+---------+-------+---------
         Total |       0 |     429 |   0.0 |       0 |      83 |   0.0 |  4939
               +---------+---------+-------+---------+---------+-------+---------
           D:1 |       0 |      53 |   0.0 |       0 |      23 |   0.0 |  1830
           D:2 |       0 |     125 |   0.0 |       0 |      29 |   0.0 |  1613
           D:3 |       0 |     161 |   0.0 |       0 |      24 |   0.0 |   899
           D:4 |       0 |      90 |   0.0 |       0 |       7 |   0.0 |   254
               +---------+---------+-------+---------+---------+-------+---------
